 Dungeon Crawl Stone Soup version 0.30.0-19-g36f170ea60 (webtiles) character file.

Game seed: 3785276207663080325

951 jagang the Trooper (level 7, -10/62 HPs)
             Began as a Demigod Fighter on June 1, 2023.
             Killed from afar by a steam dragon (14 damage)
             ... with a ball of steam
             ... on level 6 of the Dungeon.
             The game lasted 00:10:14 (5301 turns).

jagang the Trooper (Demigod Fighter)                Turns: 5301, Time: 00:10:15

Health: -10/62     AC: 14    Str: 23 (25) XL:     7   Next: 59%
Magic:  9/9        EV:  6    Int:  8 (10) God:
Gold:   226        SH:  4    Dex: 12 (13) Spells: 6/6 levels left

rFire   . . .        a - +0 rapier
rCold   . . .        c - +0 buckler
rNeg    . . .        n - +0 plate armour
rPois   .            h - +0 hat
rElec   .            g - +1 cloak
rCorr   .            (no gloves)
SInv    .            (no boots)
Will    +....        (no amulet) Stlth
                     q - ring of willpower
HPRegen 0.30/turn    (no ring)
MPRegen 0.11/turn

%: no passive effects
@: hasted, very quick
A: high MP 1, forlorn, divine attributes
a: no special abilities


You were on level 6 of the Dungeon.
You visited 1 branch of the dungeon, and saw 6 of its levels.

You collected 226 gold pieces.

Inventory:

Hand Weapons
 a - a +0 rapier (weapon)
Missiles
 s - 4 javelins (quivered)
Armour
 c - a +0 buckler (worn)
 g - a +1 cloak (worn)
 h - a +0 hat (worn)
 n - a +0 plate armour (worn)
Magical Staves
 u - a staff of fire
Jewellery
 q - a ring of willpower (left hand)
Scrolls
 d - a scroll of magic mapping {unknown}
 e - 3 scrolls of fear
 f - a scroll of enchant armour
 k - 3 scrolls of enchant weapon
 o - 2 scrolls of teleportation
 r - a scroll of identify
Potions
 b - a potion of ambrosia {unknown}
 i - a potion of haste
 j - a potion of brilliance
 l - a potion of degeneration
 m - 2 potions of curing
 p - a potion of lignification {unknown}
 t - a potion of flight {unknown}


   Skills:
 * Level 5.8 Fighting
 + Level 4.0 Short Blades
 * Level 5.7 Armour
 - Level 0.8 Dodging
 - Level 3.0 Shields


You had 6 spell levels left.
You didn't know any spells.
Your spell library contained the following spells:

 Spells                   Type           Power      Damage    Failure   Level
 Necrotise                Necr           0%         1d4       100%        1
 Summon Guardian Golem    Hex/Summ       0%         N/A       100%        3
 Vampiric Draining        Necr           0%         2d6       100%        3
 Animate Dead             Necr           0%         N/A       100%        4
 Summon Ice Beast         Ice/Summ       0%         N/A       100%        4
 Agony                    Necr           0%         N/A       100%        5
 Borgnjor's Vile Clutch   Necr/Erth      0%         N/A       100%        5
 Death Channel            Necr           0%         N/A       100%        6
 Malign Gateway           Summ/Tloc      0%         N/A       100%        7
 Monstrous Menagerie      Summ           0%         N/A       100%        7
 Orb of Destruction       Conj           0%         9d5       100%        7
 Spellforged Servitor     Conj/Summ      0%         N/A       100%        7


Dungeon Overview and Level Annotations

Branches:
Dungeon (6/15)
 Temple: D:4-7


Innate Abilities, Weirdness & Mutations

You have an increased reservoir of magic. (+10% MP)
You shall have no god before yourself.
Your divine heritage dramatically boosts your attributes as you level up.


Message History

The adder closely misses you. The steam dragon breathes steam at you.
The ball of steam hits you!
* * * LOW HITPOINT WARNING * * *
You hear a shout!
The steam dragon bites you but does no damage.
The steam dragon claws you.
* * * LOW HITPOINT WARNING * * *
You hit the steam dragon.
The steam dragon is severely wounded.
The adder barely misses you. x2; The steam dragon barely misses you.
The steam dragon claws you.
* * * LOW HITPOINT WARNING * * *
You hit the steam dragon.
The steam dragon is severely wounded.
The adder bites you.
* * * LOW HITPOINT WARNING * * *
The steam dragon bites you but does no damage.
You block the steam dragon's attack.
You barely miss the steam dragon.
The steam dragon is severely wounded.
The adder bites you but does no damage. The steam dragon barely misses you.
The steam dragon claws you but does no damage.
You feel better. The adder bites you but does no damage.
The steam dragon breathes steam at you. The ball of steam hits you!
* * * LOW HITPOINT WARNING * * *
The adder bites you but does no damage.
It was a potion of haste.
You feel yourself speed up.
You are engulfed in a cloud of scalding steam.
The adder bites you but does no damage. You block the steam dragon's attack.
The steam dragon claws you but does no damage.
It was a potion of degeneration.
There was something very wrong with that liquid.
You feel weakened.
You feel dopey.
You feel clumsy.
You are engulfed in a cloud of scalding steam.
The adder bites you but does no damage. The steam dragon breathes steam at you.
The ball of steam hits you!
You die...

#.....#
#.....#
#.....#
#....(#
#.....#
#....#
#..S.#
#..D§#
#.<.@#
#....#
#....#
......#
########


You could see a steam dragon (catching breath) and an adder.

Vanquished Creatures
  2 black bears
  A phantom (D:4)
  Blork the orc (D:5)
  3 scorpions (D:5)
  A jelly (D:5)
  An orc priest (D:5)
  2 hounds (D:4)
  3 sleepcaps (D:5)
  2 iguanas (D:5)
  Natasha (thrice) (D:3)
  3 adders
  3 ufetubi
  4 worms
  3 dart slugs
  7 orcs
  7 ball pythons
  5 endoplasms
  3 giant cockroaches
  5 goblins
  10 hobgoblins
  3 kobolds
  3 quokkas
  3 bats
  6 rats
84 creatures vanquished.

Notes
Turn   | Place    | Note
-------+----------+-------------------------------------------
     0 | D:1      | jagang the Demigod Fighter began the quest for the Orb.
     0 | D:1      | Reached XP level 1. HP: 18/18 MP: 3/3
   143 | D:1      | Reached XP level 2. HP: 25/25 MP: 4/4
   653 | D:2      | Reached XP level 3. HP: 16/31 MP: 5/5
  1415 | D:3      | Noticed Natasha
  1428 | D:3      | Killed Natasha
  1429 | D:3      | Reached XP level 4. HP: 21/38 MP: 6/6
  1496 | D:3      | Noticed Natasha
  1505 | D:3      | Killed Natasha
  2091 | D:3      | Noticed Natasha
  2112 | D:3      | Killed Natasha
  2252 | D:4      | Got the Textbook on the Swarm
  2457 | D:4      | Reached XP level 5. HP: 45/46 MP: 7/7
  2492 | D:4      | Noticed a black bear
  2543 | D:4      | Killed a black bear
  2943 | D:4      | Reached XP level 6. HP: 46/53 MP: 8/8
  3477 | D:5      | Entered Level 5 of the Dungeon
  3938 | D:5      | Noticed Blork the orc
  3948 | D:5      | Reached skill level 5 in Fighting
  3951 | D:5      | Reached skill level 5 in Armour
  3956 | D:5      | Killed Blork the orc
  3957 | D:5      | Reached XP level 7. HP: 32/61 MP: 9/9
  5265 | D:6      | Noticed a steam dragon
  5298 | D:6      | HP: 3/62 [steam dragon/ball of steam (11)]
  5301 | D:6      | Killed from afar by a steam dragon

Illustrated notes

Levels and vault maps discovered:
D:1:      saegor_arrival_under_anarchy, layout_rooms,
          shapermc_ecumenical_altar_notcrosses
D:2:      layout_basic, basic_altar, kennysheep_generic_room_7
D:3:      layout_basic, nicolae_sif_muna_little_library, uniq_natasha
D:4:      layout_layer_cave, makhleb_heckhound_becter
D:5:      layout_loops_corners, grunt_temple_overflow_forces_of_nature,
          gammafunk_temple_overflow_elements, uniq_blork_the_orc
D:6:      layout_basic, grunt_temple_overflow_opulence,
          cheibrodos_ashenzari_chains, uniq_grinder, uniq_prince_ribbit1

Skill      XL: |  1  2  3  4  5  6  7 |
---------------+----------------------+-----
Short Blades   | 2 3 4 |  4.0
Fighting       | 3 4 5 |  5.8
Shields        | 3 |  3.0
Armour         | 3 4 5 |  5.7
Dodging        | |  0.8

Action                     |  1- 3 |  4- 6 |  7- 9 || total
---------------------------+-------+-------+-------++-------
  Melee: Rapier            |   168 |   270 |   168 ||   606
  Throw: Javelin           |       |       |     1 ||     1
    Use: Scroll            |       |     5 |       ||     5
         Potion            |       |     2 |     3 ||     5
 Armour: Scale mail        |    56 |       |       ||    56
         Plate armour      |    26 |   218 |   115 ||   359
  Dodge: Dodged            |    56 |   110 |    59 ||   225
  Block: Buckler           |    40 |    62 |    37 ||   139
